 Dungeon Crawl Stone Soup version 0.23.2-33-g5129a83184 (webtiles) character file.

Game seed: 17178385513831911317

149 Gwenloh the Gusty (level 5, -1/28 HPs)
             Began as a Tengu Air Elementalist on July 14, 2019.
             Slain by a bullfrog (3 damage)
             ... in a sewer.
             The game lasted 00:17:05 (3021 turns).

Gwenloh the Gusty (Tengu Air Elementalist)          Turns: 3021, Time: 00:17:06

Health: -1/28      AC:  2    Str: 11    XL:     5   Next: 31%
Magic:  6/10       EV: 16    Int: 17    God:
Gold:   206        SH:  0    Dex: 14    Spells: 5/9 levels left

rFire    . . .     SeeInvis +   k - -3 dagger (curse)
rCold    . . .     Gourm    .   (no shield)
rNeg     . . .     Faith    .   a - +0 robe
rPois    .         Spirit   .   (helmet restricted)
rElec    .         Reflect  .   (no cloak)
rCorr    .         Harm     .   (no gloves)
MR       .....                  (boots unavailable)
Stlth    ++........             (no amulet)
HPRegen  0.09/turn              i - +3 ring of strength
MPRegen  0.12/turn              h - ring of see invisible

@: flying quickly and evasively, quick
A: beak, talons 3, able to fly
a: Stop Flying


You were in a sewer.
You were not hungry.

You visited 1 branch of the dungeon, and saw 3 of its levels.
You also visited: Sewer.

You collected 206 gold pieces.

Inventory:

Hand Weapons
 g - a +2 dagger of freezing
 k - a cursed -3 dagger (weapon)
Armour
 a - a +0 robe (worn)
 j - a +1 leather armour
Jewellery
 h - a ring of see invisible (right hand)
 i - a +3 ring of strength (left hand)
Scrolls
 d - 6 scrolls of identify
 e - a scroll of teleportation
Potions
 f - 2 potions of might
 l - a potion of haste
Comestibles
 b - 3 chunks of flesh
 c - 4 rations


   Skills:
 + Level 3.4 Dodging
 - Level 2.0 Stealth
 + Level 2.9 Spellcasting
 + Level 3.4 Conjurations
 + Level 5.2 Air Magic


You had 5 spell levels left.
You knew the following spells:

 Your Spells              Type           Power        Failure   Level  Hunger
a - Shock                 Conj/Air       ###.         3%          1    None
b - Static Discharge      Conj/Air       ###.....     9%          3    ###....

Your spell library contained the following spells:

 Spells                   Type           Power        Failure   Level  Hunger
 Swiftness                Chrm/Air       ##......     9%          2    ##.....
 Airstrike                Air            ###.......   21%         4    ####...
 Lightning Bolt           Conj/Air       ###.......   63%         5    ######.


Dungeon Overview and Level Annotations

Branches:
Dungeon (3/15)

Altars:
Zin


Innate Abilities, Weirdness & Mutations

You have a beak for a mouth.
You have claws for feet.
You can fly continuously.


Message History

Press: ? - help, Shift-Dir - straight line, f/p - bullfrog
Aim: a bullfrog (water, severely wounded)
The zap misses the bullfrog.
The bullfrog hits you.
Casting: Shock (safe; 3% risk of failure)
Confirm with . or Enter, or press ? or * to list all spells.
Aiming: Shock (safe; 3% risk of failure)
Press: ? - help, Shift-Dir - straight line, f/p - bullfrog
Aim: a bullfrog (water, severely wounded)
The zap misses the bullfrog.
The bullfrog misses you. x2
The bullfrog hits you. x2
The bullfrog barely misses you. The bullfrog hits you.
* * * LOW HITPOINT WARNING * * *
The bullfrog hits you.
* * * LOW HITPOINT WARNING * * *
The bullfrog barely misses you. The bullfrog hits you.
* * * LOW HITPOINT WARNING * * *
The bullfrog hits you.
You die...

#.≈≈≈≈# #≈≈≈≈≈≈≈≈}≈≈≈.≈
#.≈≈≈.# #≈≈≈≈≈≈≈≈.≈≈≈≈≈
#.≈≈≈.# #≈≈≈≈≈≈≈≈≈≈≈≈≈
#.≈≈≈≈# #≈≈≈≈≈≈≈≈≈≈≈≈≈
#≈≈≈≈.#######≈≈≈≈≈≈≈≈≈≈≈
#≈≈≈≈≈.≈.........≈≈≈≈≈≈≈
#≈≈≈≈≈≈≈≈≈≈≈≈≈≈≈≈≈≈≈≈≈≈≈
#.≈≈≈≈≈≈≈≈≈≈FF≈≈≈≈≈≈≈≈≈≈
#≈≈≈≈≈≈≈≈≈≈≈@≈≈≈≈≈≈≈≈≈≈≈
#.≈≈≈.≈≈≈...............
#.≈≈≈≈#################
#≈≈≈≈≈########
#####.≈≈≈≈≈≈≈≈≈≈.########
≈≈≈≈≈≈≈≈≈≈≈≈≈≈.≈.≈..∩.∩.#
#####.≈≈≈.≈≈≈..≈.########
#.....######## #######


You could see 2 bullfrogs.

Vanquished Creatures
  Ijyb (D:3)
  An adder (D:3)
  2 oozes (D:1)
  2 dart slugs (D:1)
  4 worms
  5 leopard geckos
  3 ball pythons
  7 giant cockroaches
  8 goblins
  6 hobgoblins
  14 jackals
  10 kobolds
  5 bats
  4 frilled lizards
  6 rats (D:1)
78 creatures vanquished.

Notes
Turn   | Place    | Note
-------+----------+-------------------------------------------
     0 | D:1      | Gwenloh the Tengu Air Elementalist began the quest for the
                  | Orb.
     0 | D:1      | Reached XP level 1. HP: 10/10 MP: 4/4
   126 | D:1      | Reached XP level 2. HP: 15/15 MP: 0/6
   593 | D:1      | Reached XP level 3. HP: 19/19 MP: 5/7
   617 | D:1      | Learned a level 3 spell: Static Discharge
  1473 | D:2      | Reached XP level 4. HP: 24/24 MP: 6/8
  1999 | D:2      | Found a glowing silver altar of Zin.
  2298 | D:3      | Noticed Ijyb
  2304 | D:3      | Killed Ijyb
  2304 | D:3      | Reached skill level 5 in Air Magic
  2426 | D:3      | Gained mutation: You can fly continuously. [Tengu growth]
  2426 | D:3      | Reached XP level 5. HP: 17/28 MP: 4/10
  2708 | D:3      | Found a glowing drain.
  2725 | Sewer    | Entered a sewer
  3021 | Sewer    | Slain by a bullfrog

Skill      XL: |  1  2  3  4 |
---------------+-------------+-----
Conjurations   | 2 3 |  3.4
Dodging        | 3 |  3.4
Air Magic      | 5 |  5.2
Stealth        | |  2.0
Spellcasting   | |  2.9

Action                   |  1- 3 |  4- 6 || total
-------------------------+-------+-------++-------
Melee: Unarmed           |     5 |       ||     5
       Peck              |     3 |     1 ||     4
       Dagger            |    16 |     3 ||    19
 Cast: Shock             |    72 |    88 ||   160
       Static Discharge  |     2 |     4 ||     6
 Abil: Fly               |       |     1 ||     1
  Use: Scroll            |     4 |     5 ||     9
 Stab: Sleeping          |     1 |       ||     1
  Eat: Chunk             |     3 |     5 ||     8
Armor: Robe              |     7 |     1 ||     8
Dodge: Dodged            |    18 |    19 ||    37
